 Dungeon Crawl Stone Soup version 0.15-a0-39-g424acf8 (webtiles) character file.

263229 4tharraofdagon the Brawler (level 19, -3/151 (157) HPs)
             Began as a Ghoul Monk on Apr 2, 2014.
             Was a High Priest of Cheibriados.
             Slain by an azure jelly (10 damage)
             ... created by the royal jelly
             ... on Level 6 of the Pits of Slime.
             The game lasted 02:41:23 (19658 turns).

4tharraofdagon the Brawler (Ghoul Monk)            Turns: 19658, Time: 02:41:23

HP  -3/151 (157) AC 21     Str 40 (41) XL: 19   Next: 94%
MP  28/32        EV 29     Int 27 (28) God: Cheibriados [*****.]
Gold 2519        SH 47     Dex 23 (25) Spells:  8 memorised,  7 levels left

rFire  + . .     SeeInvis +       - Unarmed
rCold  + . .     Clarity  +     a - +4 troll leather armour
rNeg   + + +     Conserve +     F - -1 large shield {AC+3}
rPois  +         rCorr    +     M - +1 helmet of Grot {MR+ SInv Curse}
rElec  .         rRot     +     l - +2 cloak {rCorr, Cons}
SustAb . .       Spirit   .     S - -1 pair of gloves
rMut   .         Warding  .     Q - +0 pair of boots
Saprov + + +     Stasis   .     d - amulet of clarity
MR     ++...                    p - +3 ring of intelligence
                                K - ring of protection from fire

@: repel missiles, phasing (expiring), mighty, brilliant, rotting, very slow,
very resistant to hostile enchantments, fairly stealthy
A: rotting body, claws 1, carnivore 3, cold resistance 1, life protection 3,
poison resistance, saprovore 3, slow healing 1, torment resistance, unbreathing
a: Bend Time, Temporal Distortion, Slouch, Step From Time, Renounce Religion
}: 2/15 runes: decaying, serpentine


You were on level 6 of the Pits of Slime.
You worshipped Cheibriados.
Cheibriados was extremely pleased with you.
You were not hungry.

You visited 7 branches of the dungeon, and saw 44 of its levels.
You visited the Abyss 2 times.
You also visited: Bailey.

You collected 3555 gold pieces.
You spent 1036 gold pieces at shops.

Inventory:

Missiles
 h - 17 darts (quivered)
 y - 6 curare-tipped needles
 V - 3 throwing nets
Armour
 a - a +4 troll leather armour (worn)
 g - the +4 plate armour of the Cicada {rF+ MR+}
   (You acquired it on level 3 of the Swamp)

   It protects you from fire.
   It affects your resistance to hostile enchantments.
 l - a +2 cloak of preservation (worn)
 F - a -1 large shield of protection (worn)
 M - the +1 helmet of Grot (worn) {MR+ SInv Curse}
   (You bought it in a shop on level 11 of the Dungeon)

   It affects your resistance to hostile enchantments.
   It enhances your eyesight.
   It may recurse itself when equipped.
 Q - a +0 pair of boots (worn)
 S - a -1 pair of gloves (worn)
Magical devices
 e - a wand of cold (6)
 v - a wand of polymorph (1)
 W - a wand of digging (16)
Comestibles
 k - 11 meat rations
Scrolls
 m - a scroll of summoning
 x - 2 scrolls of vulnerability
 D - 6 scrolls of teleportation
 H - a scroll of fog
 J - 5 scrolls of remove curse
 P - a scroll of torment
 R - 3 scrolls of blinking
 U - a scroll of magic mapping
Jewellery
 d - an amulet of clarity (around neck)
 p - a +3 ring of intelligence (right hand)
 w - an uncursed ring of see invisible
 z - an uncursed ring of teleportation
 K - a ring of protection from fire (left hand)
 X - an uncursed amulet of stasis
Potions
 n - 14 potions of curing
 s - 10 potions of magic
 A - 5 potions of heal wounds
 Y - 4 potions of brilliance
Magical staves
 N - an uncursed staff of wizardry
Miscellaneous
 c - a phial of floods
 f - an ornate deck of wonders {Experience}
 j - a sack of spiders
 o - a plain deck of defence {Battlelust}
 r - a lamp of fire (inert)
 I - a plain deck of dungeons {the Minefield}
 L - a fan of gales
 T - a lamp of fire (inert)
 Z - a phial of floods
Rods
 b - a +4 rod of ignition (13/13)
   (You found it on level 3 of the Elven Halls)
 E - a +0 rod of ignition (9/9)
   (You found it on level 2 of the Elven Halls)


   Skills:
 - Level 11.0 Fighting
 + Level 11.4 Armour
 + Level 11.2 Dodging
 - Level 2.1 Stealth
 * Level 13.5 Shields
 * Level 18.3 Unarmed Combat
 - Level 4.0 Spellcasting
 - Level 5.0 Charms
 + Level 5.7 Necromancy
 - Level 8.0 Translocations
 - Level 3.2 Air Magic
 - Level 12.5 Invocations
 * Level 9.1 Evocations


You had 7 spell levels left.
You knew the following spells:

 Your Spells              Type           Power        Failure   Level  Hunger
a - Apportation           Tloc           ######....   1%          1    None
b - Shroud of Golubria    Chrm/Tloc      ######....   1%          2    None
c - Blink                 Tloc           N/A          1%          2    None
d - Regeneration          Chrm/Necr      ######....   1%          3    ##.....
e - Repel Missiles        Chrm/Air       #####.       1%          2    None
f - Phase Shift           Tloc           ######....   4%          5    #####..
g - Flight                Chrm/Air       #####.....   2%          3    ##.....
h - Confusing Touch       Hex            ###.......   3%          1    None


Dungeon Overview and Level Annotations

Branches:
Dungeon (13/15)            Temple (0/1) D:5             Orc (4/4) D:11
    Elf (3/3) Orc:4          Lair (8/8) D:10          Swamp (5/5) Lair:6
  Snake (5/5) Lair:4        Slime (6/6) Lair:7
 Vaults: D:13-14

Altars:
Cheibriados
Vehumet
Yredelemnul
Jiyva

Shops:
D:10 }   D:11 [(   D:12 }   Orc:4 **(*   Elf:3 *(

Annotations:
D:3 Natasha
Lair:7 exclusion: 3 oklob plants
Snake:4 exclusion: orange crystal statue
Slime:6 Royal Jelly


Innate Abilities, Weirdness & Mutations

Your body is rotting away.
You have sharp fingernails.
You are carnivorous and can eat meat at any time.
Your flesh is cold resistant.
You are immune to negative energy.
Your system is resistant to poisons.
You thrive on rotten meat.
You heal slowly when monsters are visible.
You are immune to unholy pain and torment.
You can survive without breathing.


Message History

The azure jelly hits you but does no damage.
The azure jelly closely misses you.
The acid blob is engulfed in roaring flames.
You kill the acid blob!
That felt strangely unrewarding.
The acid blob spits acid at you. The splash of acid hits you! You resist.
The acid burns!
You resist.
* * * LOW HITPOINT WARNING * * *
x2 The azure jelly hits you.
* * * LOW HITPOINT WARNING * * *
The azure jelly freezes you! You resist.
* * * LOW HITPOINT WARNING * * *
You block the azure jelly's attack.
The azure jelly hits you but does no damage.
The azure jelly misses you.
The slime creature is engulfed in roaring flames.
The slime creature moves out of view.
The azure jelly hits you.
* * * LOW HITPOINT WARNING * * *
The azure jelly freezes you! You resist.
You die...

......................
.......................
.......................
.......................
........................
...........#..#....#...
...........####J####
.........### #JJ#
........# ##@# ......##
#§.# ...### #J## .. #§
##


You could see an acid blob, 2 azure jellies and a death ooze.

Vanquished Creatures
  Norris (Elf:2)
  Nikola (Snake:2)
  2 deep elf blademasters (Elf:3)
  7 acid blobs
  2 deep elf master archers (Elf:3)
  The ghost of ghwc the Destroyer, a mighty DgIE (Swamp:5)
  Rupert (Swamp:2)
  Frances (Snake:3)
  3 azure jellies
  8 deep elf sorcerers (Elf:3)
  6 greater nagas
  Louise (Swamp:1)
  Gastronok (Lair:3)
  6 deep elf demonologists (Elf:3)
  A mottled draconian (Lair:2)
  15 deep elf annihilators
  3 deep elf death magi (Elf:3)
  Snorg (Orc:3)
  A death ooze (Slime:6)
  4 deep elf high priests (Elf:3)
  A fire dragon (Lair:8)
  Fannar (D:10)
  Harold (Lair:8)
  14 naga warriors
  11 hydras
  3 great orbs of eyes
  3 anacondas
  Erica (D:10)
  12 alligators
  A centaur warrior (D:13)
  22 death yaks
  4 ogre magi (Orc:4)
  3 orc high priests
  A spectral elf (Elf:3)
  19 naga sharpshooters
  6 shock serpents
  A spriggan (Swamp:4)
  A salamander mystic (Snake:3)
  5 deep elf knights
  A wretched star (Abyss:1)
  The ghost of casual the Nimble, an experienced OpTm of Cheibriados (D:8)
  A sun demon (Elf:1)
  A large abomination (Abyss:1)
  3 spriggan druids
  2 ice statues
  11 naga ritualists
  A hill giant (D:10)
  9 swamp dragons
  4 deep elf conjurers
  Pikel (D:7)
  8 deep elf summoners
  An orc sorcerer (Orc:4)
  5 shining eyes
  4 salamanders
  2 manticores
  A cyclops (D:12)
  4 red wasps
  A guardian serpent (Snake:5)
  A griffon (Lair:4)
  10 mana vipers
  5 elephants (Lair:5)
  2 sixfirhies (Elf:3)
  Maurice (Orc:3)
  22 naga magi
  23 black mambas
  6 fire drakes
  2 gargoyles (D:10)
  14 spiny frogs
  A demonic crawler (Elf:3)
  A hydra zombie (D:11)
  2 trolls
  6 deep elf priests
  6 komodo dragons
  A giant firefly (Swamp:4)
  16 two-headed ogres (Orc:4)
  20 slime creatures
  Prince Ribbit (D:6)
  3 blink frogs (Lair:6)
  8 giant leeches
  4 baby alligators
  6 ravens
  8 basilisks
  A thorn lotus (Swamp:4)
  14 brown oozes
  5 bog bodies
  18 deep elf magi
  5 wyverns (Lair:4)
  A shark (Lair:5)
  An elephant slug (Lair:7)
  3 golden eyes (Slime:3)
  26 yaks
  Eustachio (D:6)
  3 hungry ghosts
  4 fire bats (Lair:6)
  17 hippogriffs
  4 ugly things (D:12)
  20 deep elf fighters
  8 swamp worms
  7 vampire mosquitoes (Swamp:5)
  26 water moccasins
  4 steam dragons (Lair:8)
  7 necrophages (Lair:2)
  Edmund (D:6)
  A warg (Orc:3)
  2 mottled dragons (Lair:8)
  9 porcupines
  4 ice beasts
  47 nagas
  3 small abominations
  A black bear (D:10)
  6 swamp drakes
  2 yellow wasps
  A sky beast (D:6)
  3 phantoms (D:4)
  19 orc warriors
  3 giant goldfish
  31 ogres
  3 boring beetles
  7 centaurs
  16 crocodiles
  5 big kobolds
  A lava worm (Lair:6)
  8 giant slugs
  12 giant frogs
  Blork the orc (D:8)
  A cyclops zombie (D:10)
  2 gnoll sergeants
  16 insubstantial wisps
  5 eyes of draining
  4 scorpions
  A troll zombie (D:11)
  2 electric eels (Lair:5)
  2 crimson imps
  2 big fish
  A goliath beetle (D:11)
  A giant frog zombie (D:10)
  12 jellies
  3 hounds
  16 orc priests
  A quasit (D:8)
  8 iguanas
  28 orc wizards
  A kobold skeleton (D:11)
  An orange rat (Elf:3)
  6 worker ants
  2 killer bee zombies
  2 sheep (D:11)
  An ogre skeleton (D:6)
  A mottled dragon zombie (D:12)
  A hound skeleton (D:8)
  23 gnolls
  16 adders
  54 green rats
  An orc zombie (D:10)
  2 giant mites
  An inept feature mimic (D:2)
  An orc skeleton (D:7)
  A shadow imp (D:11)
  A white imp (Abyss:1)
  3 worms
  4 giant eyeballs
  3 oozes
  133 orcs
  5 giant cockroaches
  24 hobgoblins
  15 jackals
  3 ball pythons
  17 bats
  7 giant geckos
  A giant spore (D:7)
  19 goblins
  31 kobolds
  9 quokkas
  10 rats
  3 ballistomycetes (D:7)
  2 crawling corpses (Elf:3)
  A fungus (Lair:4)
  A plant (Lair:6)
1278 creatures vanquished.

Vanquished Creatures (collateral kills)
  2 hydras (Swamp:5)
  A shambling mangrove (Swamp:5)
  A swamp dragon (Swamp:5)
  A mana viper (Snake:2)
  A red wasp (Swamp:5)
  A naga (Snake:5)
  A mottled dragon (Lair:8)
  A yellow wasp (Swamp:5)
  A swamp drake (Swamp:1)
  A crocodile (Lair:8)
  A green rat (Lair:8)
  2 orcs (D:11)
14 creatures vanquished.

Vanquished Creatures (others)
  A fire drake (Lair:4)
  2 water elementals
  2 fire elementals
  A swamp worm (Swamp:4)
  A water moccasin (Snake:2)
  A centaur (D:7)
  An orc wizard (D:7)
  A hound (D:7)
  A giant frog skeleton (D:7)
  A gnoll (D:7)
  A worm (D:7)
  3 orcs
  A hobgoblin (D:7)
  A giant gecko skeleton (D:7)
  A giant newt (D:4)
  A jackal (D:7)
  A kobold skeleton (D:7)
  2 rats (D:7)
  2 fungi (Lair:8)
  2 plants
27 creatures vanquished.

Grand Total: 1319 creatures vanquished

Notes
Turn   | Place    | Note
--------------------------------------------------------------
     0 | D:1      | 4tharraofdagon, the Ghoul Monk, began the quest for the Orb.
     0 | D:1      | Reached XP level 1. HP: 19/19 MP: 1/1
     3 | D:1      | Noticed a large abomination
     5 | D:1      | Noticed an ice dragon
     7 | D:1      | Noticed an orb of fire
     8 | D:1      | Noticed an ice dragon
     9 | D:1      | Noticed an iron dragon
    12 | D:1      | Noticed a purple draconian
    12 | D:1      | Noticed an iron dragon
    13 | D:1      | Noticed a red draconian
    13 | D:1      | Noticed an ice dragon
    14 | D:1      | Noticed a mottled draconian
    16 | D:1      | Noticed an iron dragon
    18 | D:1      | Noticed a shadow dragon
   229 | D:2      | Reached XP level 2. HP: 24/27 MP: 2/2
   375 | D:3      | Reached XP level 3. HP: 26/34 MP: 3/3
   378 | D:3      | Found a basalt altar of Yredelemnul.
   487 | D:3      | Found a snail-covered altar of Cheibriados.
   496 | D:3      | Became a worshipper of Cheibriados the Contemplative
   550 | D:4      | Noticed a scorpion
   592 | D:4      | Killed a scorpion
   592 | D:4      | Reached skill level 1 in Invocations
   592 | D:4      | Reached XP level 4. HP: 26/41 MP: 3/3
   610 | D:4      | Reached skill level 5 in Unarmed Combat
   652 | D:4      | Noticed a phantom
   662 | D:4      | Reached skill level 1 in Armour
   662 | D:4      | Reached XP level 5. HP: 42/47 MP: 5/5
   719 | D:4      | Killed a phantom
   719 | D:4      | Reached skill level 5 in Fighting
   719 | D:4      | Reached XP level 6. HP: 15/56 MP: 6/6
   859 | D:5      | Entered Level 5 of the Dungeon
  1049 | D:5      | Found a staircase to the Ecumenical Temple.
  1121 | D:6      | Noticed Prince Ribbit
  1199 | D:6      | Noticed Edmund
  1255 | D:4      | Noticed an ogre
  1261 | D:4      | Noticed a phantom
  1272 | D:4      | Killed an ogre
  1304 | D:4      | Killed a phantom
  1304 | D:4      | Reached skill level 6 in Unarmed Combat
  1304 | D:4      | Reached XP level 7. HP: 30/61 MP: 7/7
  1330 | D:3      | Noticed Natasha
  1365 | D:4      | Noticed a phantom
  1385 | D:4      | Acquired Cheibriados' first power
  1405 | D:4      | Killed a phantom
  1650 | D:4      | Noticed an ogre
  1661 | D:4      | Killed an ogre
  1797 | D:5      | Reached skill level 7 in Unarmed Combat
  1797 | D:5      | Reached XP level 8. HP: 56/70 MP: 11/11
  1819 | D:6      | Killed Edmund
  1821 | D:6      | Noticed a hungry ghost
  1842 | D:5      | Killed a hungry ghost
  1942 | D:6      | Noticed Eustachio
  1952 | D:6      | Killed Prince Ribbit
  1952 | D:6      | Reached skill level 1 in Evocations
  1967 | D:6      | Killed Eustachio
  1967 | D:6      | Reached skill level 8 in Unarmed Combat
  2020 | D:6      | Acquired Cheibriados' second power
  2192 | D:7      | Noticed Pikel
  2214 | D:7      | Killed Pikel
  2214 | D:7      | Reached XP level 9. HP: 57/78 MP: 14/14
  2250 | D:7      | Noticed a slime creature
  2368 | D:6      | Reached skill level 5 in Dodging
  2453 | D:7      | Killed a slime creature
  2453 | D:7      | Reached skill level 9 in Unarmed Combat
  2453 | D:7      | Reached skill level 5 in Invocations
  2464 | D:7      | Got a shimmering war axe
  2818 | D:8      | Noticed Blork the orc
  2825 | D:8      | Killed Blork the orc
  2864 | D:8      | Noticed casual's ghost (experienced OpTm)
  2871 | D:8      | Killed casual's ghost
  2871 | D:8      | Reached XP level 10. HP: 73/85 MP: 16/16
  2948 | D:8      | Acquired Cheibriados' third power
  3021 | D:8      | Found a snail-covered altar of Cheibriados.
  3425 | D:9      | Reached skill level 10 in Unarmed Combat
  3491 | D:9      | Reached skill level 5 in Armour
  3574 | D:10     | Entered Level 10 of the Dungeon
  3578 | D:10     | Reached skill level 1 in Spellcasting
  3721 | D:11     | Found Maibiust's Armour Emporium.
  3723 | D:11     | Found a staircase to the Orcish Mines.
  3724 | D:11     | Found Pryczeq's Weapon Emporium.
  3755 | D:11     | Bought the +1 helmet of Grot {MR+ SInv Curse} for 420 gold pieces
  3806 | D:11     | Noticed an ice statue
  3895 | D:11     | Found a flagged portal.
  3909 | Bailey   | Entered a bailey
  4295 | D:11     | Reached XP level 11. HP: 82/94 MP: 20/20
  4430 | D:12     | Found Gaagapp's Gadget Boutique.
  4778 | D:13     | Reached skill level 5 in Shields
  4902 | D:13     | Reached skill level 11 in Unarmed Combat
  5073 | D:13     | Noticed a centaur warrior
  5082 | D:13     | Killed a centaur warrior
  5365 | D:10     | Noticed Erica
  5385 | D:10     | Killed Erica
  5425 | D:10     | Found Hacoaxty's Gadget Shop.
  5490 | D:10     | Reached XP level 12. HP: 91/103 MP: 20/22
  5575 | D:10     | Found a staircase to the Lair.
  5618 | D:10     | Noticed Fannar
  5619 | D:10     | Noticed a hill giant
  5648 | D:10     | Killed Fannar
  5654 | D:10     | Killed a hill giant
  5731 | Lair:1   | Entered Level 1 of the Lair of Beasts
  5737 | Lair:1   | Got a dazzling ring mail
  5947 | Lair:2   | Reached skill level 12 in Unarmed Combat
  6372 | Lair:3   | Noticed Gastronok
  6397 | Lair:3   | Killed Gastronok
  6471 | Lair:4   | Found a staircase to the Snake Pit.
  6627 | Lair:5   | Identified the +7,+5 war axe of Gregijih {flame, +Rage +Fly Dex+2} (You found it on level 7 of the Dungeon)
  6773 | Lair:5   | Reached skill level 10 in Fighting
  6773 | Lair:5   | Reached skill level 13 in Unarmed Combat
  6773 | Lair:5   | Reached XP level 13. HP: 111/113 MP: 22/24
  6961 | Lair:5   | Reached XP level 14. HP: 95/121 MP: 25/25
  7053 | Lair:6   | Found a staircase to the Swamp.
  7458 | Lair:7   | Reached skill level 14 in Unarmed Combat
  7574 | Lair:7   | Found a staircase to the Slime Pits.
  7574 | Lair:7   | Found a viscous altar of Jiyva.
  7759 | Lair:7   | Learned a level 1 spell: Apportation
  7762 | Lair:7   | Learned a level 2 spell: Shroud of Golubria
  7765 | Lair:7   | Learned a level 2 spell: Blink
  7920 | Lair:8   | Entered Level 8 of the Lair of Beasts
  7995 | Lair:8   | Reached skill level 1 in Translocations
  8313 | Lair:8   | Reached skill level 10 in Invocations
  8422 | Lair:8   | Noticed Harold
  8441 | Lair:8   | Killed Harold
  8759 | Lair:8   | Identified a scroll of acquirement
  8764 | Lair:8   | Identified a +1 cloak of preservation (You acquired it on level 8 of the Lair of Beasts)
  8780 | Lair:8   | Reached XP level 15. HP: 128/128 MP: 27/27
  9217 | D:10     | Noticed an ice statue
  9231 | D:10     | Killed an ice statue
  9273 | D:11     | Noticed a two-headed hydra
  9280 | D:11     | Killed a two-headed hydra
  9352 | D:11     | Killed an ice statue
  9381 | Orc:1    | Entered Level 1 of the Orcish Mines
  9664 | Orc:3    | Noticed Maurice
  9672 | Orc:3    | Killed Maurice
  9709 | Orc:3    | Identified the cursed -1 ring mail of the Original Sin {rC+} (You found it on level 1 of the Lair of Beasts)
  9715 | Orc:4    | Entered Level 4 of the Orcish Mines
  9804 | Orc:4    | Found a staircase to the Elven Halls.
 10516 | Orc:4    | Found Huam Zev's General Store.
 10516 | Orc:4    | Found Sueptui's Assorted Antiques.
 10528 | Orc:4    | Found Gaklih's Antique Weapon Shop.
 10528 | Orc:4    | Found Esig's Assorted Antiques.
 10548 | Orc:4    | Bought a scroll of identify for 28 gold pieces
 10548 | Orc:4    | Bought a scroll of blinking for 105 gold pieces
 10550 | Orc:4    | Bought a potion of heal wounds for 63 gold pieces
 10550 | Orc:4    | Bought a potion of curing for 42 gold pieces
 10550 | Orc:4    | Bought a scroll of enchant armour for 157 gold pieces
 10550 | Orc:4    | Bought a scroll of identify for 42 gold pieces
 10550 | Orc:4    | Bought a scroll of identify for 42 gold pieces
 10552 | Orc:4    | Bought a potion of magic for 137 gold pieces
 10755 | Orc:3    | Noticed Snorg
 10773 | Orc:3    | Killed Snorg
 10773 | Orc:3    | Reached skill level 5 in Translocations
 10967 | Elf:1    | Entered Level 1 of the Elven Halls
 11080 | Elf:1    | Reached skill level 15 in Unarmed Combat
 11294 | Elf:3    | Entered Level 3 of the Elven Halls
 11381 | Elf:3    | Found Mauboiph's General Store.
 11399 | Elf:3    | Reached skill level 10 in Shields
 11446 | Elf:3    | Noticed a deep elf sorcerer
 11462 | Elf:3    | You hear a shout!!! (33x)
 11471 | Elf:3    | Killed a deep elf sorcerer
 11505 | Elf:3    | Noticed a deep elf sorcerer
 11507 | Elf:3    | Cast into the Abyss (deep elf sorcerer)
 11647 | Abyss:1  | Reached XP level 16. HP: 129/137 MP: 28/28
 11651 | Abyss:1  | RIP
 11702 | Elf:3    | Escaped the Abyss
 11708 | Elf:3    | Killed a deep elf sorcerer
 11711 | Elf:3    | meltface?
 11730 | Elf:3    | Noticed a deep elf master archer
 11756 | Elf:3    | Killed a deep elf master archer
 11857 | Elf:3    | Noticed a deep elf sorcerer
 11882 | Elf:3    | Killed a deep elf sorcerer
 11926 | Elf:3    | Noticed a deep elf sorcerer
 11932 | Elf:3    | Killed a deep elf sorcerer
 11966 | Elf:3    | Noticed a deep elf sorcerer
 12066 | Elf:3    | Noticed a deep elf sorcerer
 12072 | Elf:3    | Killed a deep elf sorcerer
 12116 | Elf:3    | Noticed a deep elf blademaster
 12126 | Elf:3    | Killed a deep elf blademaster
 12197 | Elf:3    | Noticed a deep elf master archer
 12217 | Elf:3    | Killed a deep elf master archer
 12236 | Elf:3    | Noticed a deep elf sorcerer
 12237 | Elf:3    | Noticed a deep elf blademaster
 12253 | Elf:3    | Killed a deep elf sorcerer
 12264 | Elf:3    | Noticed a deep elf sorcerer
 12265 | Elf:3    | Cast into the Abyss (deep elf sorcerer)
 12273 | Abyss:1  | WB
 12291 | Elf:3    | Escaped the Abyss
 12295 | Elf:3    | Killed a deep elf sorcerer
 12295 | Elf:3    | Reached skill level 16 in Unarmed Combat
 12297 | Elf:3    | Killed a deep elf sorcerer
 12337 | Elf:3    | Reached skill level 10 in Armour
 12378 | Elf:3    | Killed a deep elf blademaster
 12378 | Elf:3    | Reached XP level 17. HP: 65/144 MP: 29/29
 12538 | Elf:3    | Identified the Incunabulum of Flying Shape Shifting (You found it on level 3 of the Elven Halls)
 12568 | Elf:3    | Got a warped scale mail
 12583 | Elf:3    | Learned a level 3 spell: Regeneration
 12586 | Elf:3    | Learned a level 2 spell: Repel Missiles
 12614 | Elf:3    | Upgraded the game from 0.15-a0-35-ga771cbd to 0.15-a0-39-g424acf8
 12655 | Elf:3    | Identified a +4 rod of ignition (13/13) (You found it on level 3 of the Elven Halls)
 12688 | Elf:3    | Got a pitted bardiche
 12695 | Elf:3    | Learned a level 5 spell: Phase Shift
 12699 | Elf:3    | Learned a level 3 spell: Flight
 12764 | Elf:3    | Learned a level 1 spell: Confusing Touch
 12821 | Elf:2    | Noticed Norris
 12842 | Elf:2    | Killed Norris
 12842 | Elf:2    | Reached skill level 1 in Charms
 12844 | Elf:2    | Reached skill level 1 in Air Magic
 12925 | Elf:3    | Found Caejootz's Antique Weapon Emporium.
 12999 | Elf:2    | Identified the cursed -1 scale mail "Tryrekko" {+Inv rN+} (You found it on level 3 of the Elven Halls)
 13113 | Elf:2    | Identified a +0 rod of ignition (9/9) (You found it on level 2 of the Elven Halls)
 13144 | Elf:2    | Found a radiant altar of Vehumet.
 13220 | Elf:1    | Reached skill level 10 in Dodging
 13249 | Orc:4    | 1997 - flood of the century in Poland
 13521 | Lair:2   | Noticed a seven-headed hydra
 13524 | Lair:2   | a seven-headed hydra changed into a mottled draconian
 13605 | Lair:4   | Noticed a five-headed hydra
 13625 | Lair:4   | Killed a five-headed hydra
 13763 | Snake:1  | Entered Level 1 of the Snake Pit
 14008 | Snake:2  | Noticed Nikola
 14027 | Snake:2  | Killed Nikola
 14206 | Snake:3  | Noticed Frances
 14221 | Snake:3  | Killed Frances
 15122 | Snake:4  | Reached skill level 5 in Evocations
 15225 | Snake:4  | Reached XP level 18. HP: 112/151 MP: 31/31
 15320 | Snake:5  | Entered Level 5 of the Snake Pit
 15478 | Snake:5  | Reached skill level 1 in Necromancy
 15557 | Snake:5  | Reached skill level 17 in Unarmed Combat
 16379 | Snake:5  | Got a serpentine rune of Zot
 16811 | Snake:3  | Reached skill level 5 in Charms
 17224 | Swamp:1  | Entered Level 1 of the Swamp
 17501 | Swamp:3  | Got an ichor-stained plate armour
 17521 | Swamp:3  | Identified the +4 plate armour of the Cicada {rF+ MR+} (You acquired it on level 3 of the Swamp)
 17582 | Swamp:4  | Reached XP level 19. HP: 155/157 MP: 32/32
 17865 | Swamp:5  | Entered Level 5 of the Swamp
 17914 | Swamp:5  | Noticed ghwc's ghost (mighty DgIE)
 17937 | Swamp:5  | Killed ghwc's ghost
 18192 | Swamp:5  | Got a decaying rune of Zot
 18436 | Swamp:2  | Noticed Rupert
 18456 | Swamp:2  | Killed Rupert
 18525 | Swamp:1  | Reached skill level 18 in Unarmed Combat
 18570 | Swamp:1  | Noticed Louise
 18582 | Swamp:1  | Killed Louise
 18879 | Slime:1  | Entered Level 1 of the Pits of Slime
 18922 | Slime:1  | Reached skill level 5 in Necromancy
 19482 | Slime:6  | Entered Level 6 of the Pits of Slime
 19647 | Slime:6  | Noticed the royal jelly
 19658 | Slime:6  | HP: 7/151 [azure jelly[the royal jelly] (2)]
 19658 | Slime:6  | Slain by an azure jelly

Action                   |  1- 3 |  4- 6 |  7- 9 | 10-12 | 13-15 | 16-18 | 19-21 || total
-------------------------+-------+-------+-------+-------+-------+-------+-------++-------
Melee: Unarmed           |    69 |    98 |   307 |   834 |  1173 |  1655 |   617 ||  4753
Throw: Dart              |     5 |     1 |     1 |       |       |       |       ||     7
 Cast: Apportation       |       |       |       |       |     3 |    34 |     7 ||    44
       Shroud of Golubri |       |       |       |       |       |     9 |       ||     9
       Repel Missiles    |       |       |       |       |       |     9 |     1 ||    10
       Regeneration      |       |       |       |       |       |     3 |       ||     3
       Confusing Touch   |       |       |       |       |       |     1 |       ||     1
       Phase Shift       |       |       |       |       |       |       |     1 ||     1
Invok: Slouch            |       |       |       |    13 |    14 |    13 |    13 ||    53
       Temporal Distorti |       |       |       |       |     2 |     5 |       ||     7
Evoke: Wand              |       |     2 |     5 |     8 |    13 |    10 |       ||    38
       Lamp of fire      |       |       |       |       |       |     2 |     5 ||     7
       Phial of floods   |       |       |       |       |       |     1 |     2 ||     3
       Fan of gales      |       |       |       |       |       |     1 |     1 ||     2
  Use: Potion            |     3 |       |       |     3 |     6 |     5 |     7 ||    24
       Scroll            |     1 |     2 |     7 |    17 |    18 |    16 |     2 ||    63
 Stab: Paralysed         |       |       |     2 |     2 |       |       |       ||     4
       Sleeping          |       |       |       |     2 |     5 |     7 |     1 ||    15
       Invisible         |       |       |       |       |    16 |       |       ||    16
       Distracted        |       |       |       |       |     1 |     1 |     1 ||     3
       Confused          |       |       |       |       |       |     1 |     1 ||     2
